 Dungeon Crawl Stone Soup version 0.30-a0-56-ge6a4009bfd (webtiles) character file.

Game seed: 17972020165376106824

331 porpoise the Ruffian (level 6, -1/62 HPs)
             Began as a Troll Brigand on Sept 11, 2022.
             Killed from afar by an orc wizard (4 damage)
             ... with a magic dart
             ... on level 4 of the Dungeon.
             The game lasted 00:13:04 (2602 turns).

porpoise the Ruffian (Troll Brigand)                Turns: 2602, Time: 00:13:06

Health: -1/62      AC:  9    Str: 20    XL:     6   Next: 26%
Magic:  5/5        EV:  9    Int:  7    God:
Gold:   121        SH:  0    Dex: 13    Spells: 5/5 levels left

rFire   . . .      SeeInvis +      - Unarmed
rCold   + . .      Faith    .    (no shield)
rNeg    . . .      Spirit   .    c - +2 robe {rC+}
rPois   .          Reflect  .    (helmet restricted)
rElec   .          Harm     .    v - +2 cloak
rCorr   .          Rampage  .    (gloves unavailable)
Will    .....                    (boots unavailable)
Stlth   ++........               i - amulet of the acrobat
HPRegen 1.00/turn                m - ring of see invisible
MPRegen 0.09/turn                (no ring)

@: attractive
A: large, unfitting armour, claws 3, regeneration 1, shaggy fur 1, tough skin 1
a: no special abilities


You were on level 4 of the Dungeon.
You visited 1 branch of the dungeon, and saw 4 of its levels.

You collected 183 gold pieces.
You spent 62 gold pieces at shops.

Inventory:

Hand Weapons
 r - a +2 morningstar of draining
Missiles
 d - 7 poisoned darts (quivered)
 e - 3 curare-tipped darts
 q - 2 throwing nets
Armour
 c - a +2 robe of cold resistance (worn)
 v - a +2 cloak (worn)
Jewellery
 i - an amulet of the acrobat (around neck)
 m - a ring of see invisible (left claw)
Wands
 b - a wand of flame (18)
 s - a wand of digging (6)
Scrolls
 g - 4 scrolls of identify {unknown}
 j - a scroll of brand weapon {unknown}
 l - a scroll of amnesia {unknown}
 n - 2 scrolls of teleportation {unknown}
 p - a scroll of poison {unknown}
Potions
 a - a potion of degeneration {unknown}
 f - 2 potions of curing {unknown}
 h - a potion of attraction
 k - a potion of cancellation {unknown}
 o - a potion of heal wounds {unknown}
 t - a potion of might {unknown}
 u - a potion of invisibility {unknown}


   Skills:
 + Level 4.0 Fighting
 - Level 1.5 Short Blades
 - Level 1.7 Throwing
 - Level 0.7 Dodging
 - Level 2.1 Stealth
 + Level 4.3 Unarmed Combat


You had 5 spell levels left.
You didn't know any spells.
Your spell library contained the following spells:

 Spells                   Type           Power      Damage    Failure   Level
 Beastly Appendage        Tmut           0%         N/A       43%         1
 Blink                    Tloc           0%         N/A       56%         2
 Wereblood                Tmut           0%         N/A       56%         2
 Lesser Beckoning         Tloc           0%         N/A       80%         3
 Spider Form              Tmut/Pois      0%         N/A       80%         3
 Manifold Assault         Tloc           0%         N/A       100%        5


Dungeon Overview and Level Annotations

Branches:
Dungeon (4/15)
 Temple: D:4-7

Altars:

Shops:
D:4 [


Innate Abilities, Weirdness & Mutations

You are too large for most types of armour.
You have claws for hands.
Your natural rate of healing is unusually fast.
You are covered in fur. (AC +1)
You have tough skin. (AC +1)


Message History

The orc shouts!
You scratch the orc warrior but do no damage.
The orc warrior is lightly wounded.
You claw the orc warrior!
The orc warrior is heavily wounded.
The orc warrior hits you with a +0 hand axe.
An orc comes into view. It is wielding a +0 hand axe.
You barely miss the orc warrior.
The orc warrior is heavily wounded.
The orc warrior completely misses you.
You claw the orc warrior!
The orc warrior is almost dead.
The orc wizard looks more healthy.
The orc warrior closely misses you.
You scratch the orc warrior but do no damage.
The orc warrior is almost dead.
The orc warrior looks more healthy.
The orc warrior hits you with a +0 hand axe.
You scratch the orc warrior but do no damage.
The orc warrior is almost dead.
The orc warrior hits you with a +0 hand axe!
You claw the orc warrior!
You kill the orc warrior!
The orc warrior hits you from afar with a +0 glaive!
Your Fighting skill increases to level 4!
Your Unarmed Combat skill increases to level 4!
You have reached level 6!
You feel stronger.
You closely miss the orc wizard.
The orc wizard is lightly wounded.
The orc shouts!
The orc wizard barely misses you.
The orc warrior hits you from afar with a +0 glaive!
* * * LOW HITPOINT WARNING * * *
It was a potion of attraction.
You feel attractive to monsters.
The orc warrior hits you from afar with a +0 glaive!
* * * LOW HITPOINT WARNING * * *
The orc wizard casts a spell at you. The magic dart hits you.
You die...

## ##.# #...## ## ###....##
##.# ##.......# ##..### .
#........### .....#..o
#...###.##.# ##......o. ##..
##.##.###...#
###.##.....@ooo).#
##........#.##oo..(....
###.......###..##....(...
#...##.........##...o(.....
#...##..........<....#(....
##...##.............####....
##..................... ....
#)...................?. ..
...................#...


You could see an orc warrior, an orc wizard (invisible) and 4 orcs.

Vanquished Creatures
  An orc warrior (D:4)
  A black bear (D:3)
  4 gnolls (D:3)
  2 adders (D:3)
  A worm (D:2)
  2 dart slugs
  3 orcs
  4 ball pythons
  12 endoplasms
  9 goblins
  7 hobgoblins
  6 jackals
  6 kobolds
  4 quokkas (D:1)
  5 bats
  4 rats
71 creatures vanquished.

Notes
Turn   | Place    | Note
-------+----------+-------------------------------------------
     0 | D:1      | porpoise the Troll Brigand began the quest for the Orb.
     0 | D:1      | Reached XP level 1. HP: 19/19 MP: 0/0
   165 | D:1      | Reached skill level 1 in Unarmed Combat
   173 | D:1      | Reached XP level 2. HP: 28/28 MP: 1/1
   274 | D:1      | Found a faded altar of an unknown god.
   462 | D:1      | Reached XP level 3. HP: 35/35 MP: 2/2
  1833 | D:3      | Reached XP level 4. HP: 39/44 MP: 3/3
  1928 | D:3      | Noticed a black bear
  1957 | D:3      | Killed a black bear
  1958 | D:3      | Reached XP level 5. HP: 43/53 MP: 4/4
  2508 | D:4      | Found Laibbus's Antique Armour Shop.
  2516 | D:4      | Bought an embroidered robe for 62 gold pieces
  2536 | D:4      | Noticed a hornet
  2536 | D:4      | Noticed an orc warrior
  2568 | D:4      | Noticed an orc warrior
  2600 | D:4      | Killed an orc warrior
  2601 | D:4      | Reached XP level 6. HP: 32/62 MP: 5/5
  2602 | D:4      | HP: 3/62 [orc warrior/+0 glaive (14)]
  2602 | D:4      | Killed from afar by an orc wizard

Illustrated notes

Levels and vault maps discovered:
D:1:      scummos_arrival_checkerplants, layout_rooms,
          shapermc_ecumenical_altar_totnotflames
D:2:      layout_basic
D:3:      layout_basic
D:4:      layout_cave_pools, serial_shops, nicolae_shop_waterfront

Skill      XL: |  1  2  3  4  5 |
---------------+----------------+-----
Unarmed Combat | 1 2 3 4 |  4.3
Fighting       | 2 3 4 |  4.0
Short Blades   | |  1.5
Throwing       | |  1.7
Dodging        | |  0.7
Stealth        | |  2.1

Action                   |  1- 3 |  4- 6 || total
-------------------------+-------+-------++-------
Melee: Unarmed           |   127 |    64 ||   191
       Punch             |     1 |     1 ||     2
Throw: Dart              |     3 |    10 ||    13
  Use: Potion            |       |     1 ||     1
 Stab: Sleeping          |     2 |       ||     2
Armor: Robe              |    38 |    19 ||    57
Dodge: Dodged            |    55 |    26 ||    81

Table legend: (Time is in decaauts)
 A = Elapsed time spent in this place.
 B = Non-inter-level travel time spent in this place.
 C = Inter-level travel time spent in this place.
 D = Time resting spent in this place.
 E = Time spent auto-exploring this place.
 F = Levels seen in this place.
 G = Mean time per level.
                   A        B        C        D        E       F      G
               +--------+--------+--------+--------+--------+-----+--------+
         Total |   2593 |   2457 |    136 |    363 |   1504 |   4 |  648.2 |
       Dungeon |   2593 |   2457 |    136 |    363 |   1504 |   4 |  648.2 |
               +--------+--------+--------+--------+--------+-----+--------+

Top non-repeatable levels by time:
     D:1: 910 daAuts
     D:2: 809 daAuts
     D:3: 744 daAuts
     D:4: 129 daAuts
